 Dungeon Crawl Stone Soup version 0.30-a0-800-g7c544603b3 (webtiles) character file.

Game seed: 10239865745866238795

160 Hubris850 the Ruffian (level 5, -4/60 HPs)
             Began as a Draconian Transmuter on Feb 22, 2023.
             Was an Initiate of Makhleb.
             Slain by an ogre
             ... wielding a +0 giant spiked club
              (17 damage)
             ... on level 3 of the Dungeon.
             The game lasted 00:07:17 (2758 turns).

Hubris850 the Ruffian (Draconian Transmuter)        Turns: 2758, Time: 00:07:18

Health: -4/60      AC: 22    Str: 13    XL:     5   Next: 17%
Magic:  2/9        EV:  2    Int: 15    God:    Makhleb [......]
Gold:   150        SH:  0    Dex: 11    Spells: 2/10 levels left

rFire   + . .      SeeInvis .    e - +0 dagger (vamp)
rCold   . . .      Faith    .    (no shield)
rNeg    . . .      Spirit   .    (body armour unavailable)
rPois   +          Reflect  .    (helmet currently unavailable)
rElec   .          Harm     .    (cloak currently unavailable)
rCorr   .          Rampage  .    (gloves currently unavailable)
Will    .....      NoTele   +    (boots currently unavailable)
Stlth   +                        (no amulet)
HPRegen 0.30/turn                c - ring of wizardry
MPRegen 0.11/turn                j - ring of protection from fire

@: tree-form, very slightly contaminated
A: stationary, stasis, torment immunity, boosted hp, AC +5, unfitting armour,
(cold-blooded)
a: Renounce Religion


You were on level 3 of the Dungeon.
You worshipped Makhleb.
Makhleb was noncommittal.
You were a tree.
You visited 1 branch of the dungeon, and saw 3 of its levels.

You collected 150 gold pieces.

Inventory:

Hand Weapons
 e - a +0 vampiric dagger (weapon)
Missiles
 k - 13 poisoned darts
Armour
 m - a +0 pair of boots (melded)
Jewellery
 c - a ring of wizardry (left branch)
 j - a ring of protection from fire (right branch)
 n - a ring of resist corrosion
 t - a ring of protection from cold
 v - a ring of positive energy
Scrolls
 b - 3 scrolls of enchant weapon {unknown}
 d - 6 scrolls of identify {unknown}
 g - 3 scrolls of teleportation {unknown}
 h - a scroll of immolation {unknown}
 o - a scroll of fog {unknown}
 p - a scroll of noise {unknown}
 q - a scroll of fear {unknown}
 r - a scroll of amnesia {unknown}
Potions
 f - a potion of mutation {unknown}
 i - 2 potions of curing {unknown}
 l - a potion of brilliance {unknown}
 s - a potion of haste {unknown}
 u - a potion of magic {unknown}


   Skills:
 - Level 1.1 Fighting
 - Level 1.7 Dodging
 + Level 4.3 Unarmed Combat
 + Level 3.2 Spellcasting
 + Level 3.4 Transmutations


You had 2 spell levels left.
You knew the following spells:

 Your Spells              Type           Power      Damage    Failure   Level
a - Beastly Appendage     Tmut           24%        N/A       1%          1
b - Spider Form           Tmut/Pois      7%         N/A       12%         3
c - Ice Form              Ice/Tmut       7%         N/A       34%         4

Your spell library contained the following spells:

 Spells                   Type           Power      Damage    Failure   Level
 Wereblood                Tmut           12%        N/A       3%          2


Dungeon Overview and Level Annotations

Branches:
Dungeon (3/15)

Altars:
Dithmenos
Makhleb
Qazlal


Innate Abilities, Weirdness & Mutations

You are a tree.
Your roots penetrate the ground, keeping you stationary.
You cannot be teleported.
You are immune to unholy pain and torment.
Your maximum health is greatly increased.
Your equipment is partially melded.
((Your plain brown scales are hard. (AC +5)))
You cannot fit into any form of body armour.
((You are cold-blooded and may be slowed by cold attacks.))


Message History

Really quaff the potion of lignification?
Your horns disappear.
Your talons disappear.
Your +0 pair of boots unmelds from your body.
You turn into a tree.
Your +0 pair of boots melds into your body.
Your roots penetrate the ground.
The ogre hits you with a +0 giant spiked club!!
You closely miss the ogre. You barely miss the ogre.
The ogre hits you with a +0 giant spiked club!
* * * LOW HITPOINT WARNING * * *
You hit the ogre but do no damage. The ogre barely misses you.
You hit the ogre.
You feel better.
The ogre is lightly wounded.
You hit the ogre but do no damage. You punch the ogre.
The ogre is lightly wounded.
The ogre hits you with a +0 giant spiked club.
* * * LOW HITPOINT WARNING * * *
You barely miss the ogre.
The ogre is lightly wounded.
The ogre completely misses you.
You hit the ogre.
You feel better.
The ogre is moderately wounded.
You hit the ogre.
The ogre is moderately wounded.
The ogre hits you with a +0 giant spiked club.
* * * LOW HITPOINT WARNING * * *
You hit the ogre.
The ogre is moderately wounded.
The ogre hits you with a +0 giant spiked club.
* * * LOW HITPOINT WARNING * * *
You hit the ogre but do no damage.
The ogre is moderately wounded.
You hit the ogre.
You feel better.
The ogre is heavily wounded.
The ogre hits you but does no damage.
You completely miss the ogre.
The ogre is heavily wounded.
The ogre hits you with a +0 giant spiked club!
You die...

..###.# ##..##....#
##.# #..## #####.#
+#†###..#####.#
#..#[ ......#
##...##'#..##.#
#..#. ..#####
##....[##....'.#
#..## .....#
#.......#....#.#
#.... #.##.#
#)..8..(##..##.#
#.... ..##.#
#[......##+##..#
####. ...#.#
##.....## .## #.
##'#.### ##..♣## #.
#. .....#.### ###O#
#. #. .....#...#
#.. #. #.
.....#.#.# ....
###+####.
.........# ....#
#.......#
##.###.### ##..##
#........ ...###<#
#### #........
.....))# ######
#........
..(....######......
#........


You could see an ogre.

Vanquished Creatures
  Natasha (twice) (D:2)
  Terence (D:2)
  Robin (D:2)
  5 worms
  A dart slug (D:1)
  An orc (D:3)
  4 endoplasms
  5 giant cockroaches
  11 goblins
  8 hobgoblins
  A jackal (D:3)
  3 kobolds
  2 quokkas
  2 ball pythons
  3 bats
  3 frilled lizards (D:1)
  6 rats
59 creatures vanquished.

Vanquished Creatures (others)
  A plant (D:3)
1 creature vanquished.

Grand Total: 60 creatures vanquished

Notes
Turn   | Place    | Note
-------+----------+-------------------------------------------
     0 | D:1      | Hubris850 the Draconian Transmuter began the quest for the
                  | Orb.
     0 | D:1      | Reached XP level 1. HP: 16/16 MP: 3/3
   148 | D:1      | Reached XP level 2. HP: 21/23 MP: 3/5
  1357 | D:2      | Noticed Natasha
  1367 | D:2      | Killed Natasha
  1368 | D:2      | Reached XP level 3. HP: 20/28 MP: 6/6
  1405 | D:2      | Learned a level 3 spell: Spider Form
  1535 | D:2      | Noticed Terence
  1788 | D:2      | Noticed Natasha
  1796 | D:2      | Killed Natasha
  1797 | D:2      | Reached XP level 4. HP: 7/35 MP: 6/8
  1995 | D:2      | Killed Terence
  1996 | D:2      | Reached skill level 4 in Unarmed Combat
  2045 | D:2      | Learned a level 4 spell: Ice Form
  2156 | D:3      | Found a stormy altar of Qazlal.
  2159 | D:3      | Found a burning altar of Makhleb.
  2164 | D:3      | Found a shadowy altar of Dithmenos.
  2253 | D:3      | Became a worshipper of Makhleb the Destroyer
  2301 | D:3      | Noticed Robin
  2320 | D:2      | Killed Robin
  2362 | D:3      | Reached XP level 5. HP: 25/40 MP: 6/9
  2737 | D:3      | Noticed an ogre
  2758 | D:3      | Slain by an ogre

Illustrated notes

Levels and vault maps discovered:
D:1:      nzn_arrival_settlement, layout_loops_ring, serial_aquarium,
          aquarium_bridge_square [aquarium_subvault_bridge,
          aquarium_subvault_wall, aquarium_subvault_wall,
          aquarium_subvault_bridge], aquarium_bridge_square
          [aquarium_subvault_bridge, aquarium_subvault_wall,
          aquarium_subvault_wall, aquarium_subvault_window],
          aquarium_window_fake, aquarium_window_fake, aquarium_view_2a,
          aquarium_pool_corner, serial_bayou_pond_c,
          hangedman_abyss_or_decor_stabs, st_stairs_13
D:2:      layout_basic, uniq_natasha, uniq_terence
D:3:      minmay_bubble_buster, layout_basic, grunt_temple_overflow_diamond,
          corexii_shack, uniq_robin

Skill      XL: |  1  2  3  4 |
---------------+-------------+-----
Transmutations | 3 |  3.4
Unarmed Combat | 4 |  4.3
Spellcasting   | 3 |  3.2
Fighting       | |  1.1
Dodging        | |  1.7

Action                     |  1- 3 |  4- 6 || total
---------------------------+-------+-------++-------
  Melee: Unarmed           |    17 |    26 ||    43
         Kick              |    23 |    15 ||    38
         Tailslap          |    12 |     6 ||    18
         Headbutt          |    14 |     9 ||    23
         Punch             |     1 |     2 ||     3
         Dagger            |    81 |    68 ||   149
  Throw: Dart              |       |     4 ||     4
   Cast: Beastly Appendage |    23 |    10 ||    33
         Spider Form       |       |     3 ||     3
    Use: Potion            |       |     1 ||     1
   Stab: Sleeping          |     1 |       ||     1
 Armour: Skin              |    19 |    16 ||    35
  Dodge: Dodged            |    40 |    56 ||    96

Table legend: (Time is in decaauts)
 A = Elapsed time spent in this place.
 B = Non-inter-level travel time spent in this place.
 C = Inter-level travel time spent in this place.
 D = Time resting spent in this place.
 E = Time spent auto-exploring this place.
 F = Levels seen in this place.
 G = Mean time per level.
                   A        B        C        D        E       F      G
               +--------+--------+--------+--------+--------+-----+--------+
         Total |   2779 |   2741 |     38 |    364 |   1911 |   3 |  926.3 |
       Dungeon |   2779 |   2741 |     38 |    364 |   1911 |   3 |  926.3 |
               +--------+--------+--------+--------+--------+-----+--------+

Top non-repeatable levels by time:
     D:2: 1172 daAuts
     D:1: 944 daAuts
     D:3: 661 daAuts
